 Dungeon Crawl Stone Soup version 0.30-a0-900-g23479c02f2 (webtiles) character file.

Game seed: 8106318157101627063

580599 Zonian the Brawler (level 26, -2/163 HPs)
             Began as a Vine Stalker Gladiator on Mar 13, 2023.
             Was a High Priest of Ashenzari.
             Slain by a brown ugly thing (3 damage)
             ... on level 8 of a ziggurat on Mar 19, 2023.
             The game lasted 04:12:48 (63181 turns).

Zonian the Brawler (Vine Stalker Gladiator)        Turns: 63181, Time: 04:12:49

Health: -2/163     AC:  8    Str: 26 (28) XL:     26   Next: 66%
Magic:  0/42       EV: 21    Int: 16 (17) God:    Ashenzari [*****.]
Gold:   4797       SH: 19    Dex: 17 (18) Spells: 55/62 levels left

rFire   + + .      SeeInvis +      - Unarmed
rCold   + + +      Faith    .    g - +5 kite shield of Ashenzari's Yoke {reflect, Comp, Self} (curse)
rNeg    . . .      Spirit   +    O - +0 scale mail of Ashenzari's Discomfort {rPois rC+ Int+3 Slay+2, Alch, Fort} (curse)
rPois   +          Reflect  +    b - +0 helmet of Ashenzari's Ordeal {Cun, Self} (curse)
rElec   .          Rampage  .    B - scarf of the Astral Visionary {rC+ rF+, Evo, Self} (curse)
rCorr   .          Clarity  +    l - +1 pair of gloves of the Prophetic Moon {Regen+ SInv, Self, Alch} (curse)
Will    ++++.                    D - +2 pair of boots "Tethered With Me" {Fort, Alch} (curse)
Stlth   ++++++                   y - amulet of the Cryptic Malaise {Regen+, Self, Evo} (curse)
HPRegen 2.87/turn                T - ring "Eternal Together" {Slay+4, Comp, Melee} (curse)
MPRegen 0.28/turn                A - ring of the Eternal Bitterness {rF+ rC+ Will+ Int+3 Slay+4, Self, Alch} (curse)

@: lethally poisoned (-2 -> -23), corroded, studying Ranged Weapons, unable to
drink
A: fangs 3, regeneration 1, magic shield, antimagic bite, no potion heal 2,
clever 1, deformed body, low MP 1, strong 1, wild magic 1
}: 4/15 runes: decaying, slimy, silver, gossamer
a: Renounce Religion, Curse Item, Shatter the Chains


You were on level 8 of a ziggurat.
You worshipped Ashenzari.
Ashenzari was extremely pleased with you.
You visited 12 branches of the dungeon, and saw 53 of its levels.
You visited 1 ziggurat, and saw 8 of its levels.
You also visited: Sewer and Ice Cave.

You collected 9537 gold pieces.
You spent 4740 gold pieces at shops.

Inventory:

Missiles
 a - 2 throwing nets
 d - 12 javelins
 r - 23 curare-tipped darts
 I - 4 silver boomerangs
 J - 11 boomerangs of dispersal
 M - 10 boomerangs (quivered)
 Z - 5 silver javelins
Armour
 b - the cursed +0 helmet of Ashenzari's Ordeal (worn) {Cun, Self}

   It has a curse which improves the following skills: Cunning: Dodging and
   Stealth.
   Introspection: Fighting and Spellcasting.
 e - a +2 crystal plate armour
 g - the cursed +5 kite shield of Ashenzari's Yoke (worn) {reflect, Comp, Self}
   (You took it off Donald on level 4 of the Spider Nest)

   It has a curse which improves the following skills: Companions: Summonings
   and Necromancy.
   Introspection: Fighting and Spellcasting.
 l - the cursed +1 pair of gloves of the Prophetic Moon (worn) {Regen+ SInv, Self, Alch}
   (You found it on level 4 of the Spider Nest)

   SInv:      It lets you see invisible.
   Regen:     It increases your rate of health regeneration.
   It has a curse which improves the following skills: Introspection: Fighting
   and Spellcasting.
   Alchemy:   Poison Magic and Transmutations.
 B - the cursed scarf of the Astral Visionary (worn) {rC+ rF+, Evo, Self}
   (You bought it in a shop on level 2 of the Dungeon)

   It has a curse which improves the following skills: Evocations: Evocations.
   Introspection: Fighting and Spellcasting.
 D - the cursed +2 pair of boots "Tethered With Me" (worn) {Fort, Alch}
   (You found it on level 1 of the Elven Halls)

   It has a curse which improves the following skills: Fortitude: Armour and
   Shields.
   Alchemy:   Poison Magic and Transmutations.
 O - the cursed +0 scale mail of Ashenzari's Discomfort (worn) {rPois rC+ Int+3 Slay+2, Alch, Fort}
   (You bought it in a shop on level 2 of the Orcish Mines)

   Int:       It affects your intelligence (+3).
   Slay:      It affects your accuracy & damage with ranged weapons and melee
   (+2).
   rC:        It protects you from cold.
   rPois:     It protects you from poison.
   It has a curse which improves the following skills: Alchemy: Poison Magic and
   Transmutations.
   Fortitude: Armour and Shields.
Jewellery
 y - the cursed amulet of the Cryptic Malaise (around neck) {Regen+, Self, Evo}
   (You found it on level 3 of the Dungeon)

   [amulet of regeneration]

   Regen:     It increases your rate of health regeneration.
   It has a curse which improves the following skills: Introspection: Fighting
   and Spellcasting.
   Evocations: Evocations.
 A - the cursed ring of the Eternal Bitterness (right hand) {rF+ rC+ Will+ Int+3 Slay+4, Self, Alch}
   (You bought it in a shop on level 2 of the Dungeon)

   [ring of slaying]

   Int:       It affects your intelligence (+3).
   Slay:      It affects your accuracy & damage with ranged weapons and melee
   (+4).
   rF:        It protects you from fire.
   rC:        It protects you from cold.
   Will:      It increases your willpower.
   It has a curse which improves the following skills: Introspection: Fighting
   and Spellcasting.
   Alchemy:   Poison Magic and Transmutations.
 T - the cursed ring "Eternal Together" (left hand) {Slay+4, Comp, Melee}
   (You found it on level 5 of the Pits of Slime)

   [ring of slaying]

   Slay:      It affects your accuracy & damage with ranged weapons and melee
   (+4).
   It has a curse which improves the following skills: Companions: Summonings
   and Necromancy.
   Melee Combat: Short Blades, Long Blades, Axes, Maces & Flails, Polearms,
   Staves and Unarmed Combat.
Wands
 c - a wand of digging (18)
 i - a wand of roots (18)
 n - a wand of flame (58)
 o - a wand of quicksilver (6)
 p - a wand of mindburst (32)
 Q - a wand of charming (25)
Scrolls
 j - 15 scrolls of poison
 m - a scroll of magic mapping
 q - 19 scrolls of teleportation
 u - 2 scrolls of butterflies
 G - 8 scrolls of fear
 H - 9 scrolls of fog
 R - 6 scrolls of blinking
 X - 5 scrolls of silence
Potions
 k - 27 potions of curing
 w - 4 potions of resistance
 x - 5 potions of might
 z - 4 potions of berserk rage
 C - 7 potions of invisibility
 E - 8 potions of flight
 F - 6 potions of brilliance
 K - 6 potions of haste
 V - 7 potions of ambrosia
 W - a potion of cancellation
 Y - 6 potions of magic
Miscellaneous
 f - a condenser vane (inert)
 h - a box of beasts (inert)
 s - a phial of floods
 v - a lightning rod (4/4)
 N - a tin of tremorstones (2/2)
 U - a phantom mirror


   Skills:
 - Level 17.4(24.5) Fighting
 - Level 16.0 Throwing
 - Level 15.6(18.9) Armour
 - Level 17.1(19.3) Dodging
 - Level 15.8(18.0) Stealth
 + Level 13.3(16.7) Shields
 + Level 18.3(20.4) Unarmed Combat
 - Level 11.6(18.8) Spellcasting
 - Level 6.6 Hexes
 - Level 9.6 Translocations
 + Level 1.4(4.7) Transmutations
 - Level 14.6(18.0) Evocations


You had 55 spell levels left.
You knew the following spells:

 Your Spells              Type           Power      Damage    Failure   Level
a - Blink                 Tloc           100%       N/A       1%          2
b - Portal Projectile     Hex/Tloc       100%       N/A       2%          3
c - Wereblood             Tmut           39%        N/A       4%          2

Your spell library contained the following spells:

 Spells                   Type           Power      Damage    Failure   Level
 Apportation              Tloc           100%       N/A       1%          1
 Lesser Beckoning         Tloc           100%       N/A       1%          2
 Gell's Gravitas          Tloc           56%        N/A       1%          3
 Teleport Other           Tloc           56%        N/A       1%          3
 Beastly Appendage        Tmut           78%        N/A       2%          1
 Momentum Strike          Conj/Tloc      78%        3d10      3%          2
 Tukima's Dance           Hex            47%        N/A       3%          3
 Passage of Golubria      Tloc           56%        N/A       3%          4
 Vhi's Electric Charge    Tloc/Air       78%        N/A       7%          3
 Passwall                 Tmut/Erth      24%        N/A       9%          2
 Cause Fear               Hex            23%        N/A       10%         4
 Summon Guardian Golem    Hex/Summ       34%        N/A       11%         3
 Kindle Blastsparks       Fire/Tloc/Air  64%        2d15      12%         3
 Necrotise                Necr           84%        1d8       13%         1
 Foxfire                  Conj/Fire      76%        2x1d7     14%         1
 Sandblast                Erth           38%        2d10      14%         1
 Shock                    Conj/Air       76%        1d7       14%         1
 Spider Form              Tmut/Pois      31%        N/A       14%         3
 Sublimation of Blood     Necr           21%        N/A       17%         2
 Cigotuvi's Dreadful Rot  Necr/Pois/Air  42%        N/A       19%         2
 Poisonous Vapours        Pois/Air       42%        N/A       19%         2
 Ignite Poison            Fire/Tmut/Pois 27%        N/A       21%         3
 Scorch                   Fire           38%        2d7       22%         2
 Searing Ray              Conj           38%        2d5       22%         2
 Call Canine Familiar     Summ           21%        N/A       32%         3
 Vampiric Draining        Necr           21%        2d7       32%         3
 Mephitic Cloud           Conj/Pois/Air  20%        N/A       34%         3
 Leda's Liquefaction      Hex/Erth       16%        N/A       34%         4
 Yara's Violent Unravell  Hex/Tmut       21%        3d10      34%         5
 Dispersal                Tloc           28%        N/A       36%         6
 Hailstorm                Conj/Ice       19%        3d6       38%         3
 Ozocubu's Armour         Ice            19%        N/A       38%         3
 Stone Arrow              Conj/Erth      38%        3d9       38%         3
 Swiftness                Air            19%        N/A       38%         3
 Summon Forest            Summ/Tloc      20%        N/A       43%         5
 Ice Form                 Ice/Tmut       29%        N/A       45%         4
 Petrify                  Tmut/Erth      29%        N/A       45%         4
 Blade Hands              Tmut           19%        N/A       45%         5
 Summon Mana Viper        Hex/Summ       34%        N/A       63%         5
 Olgreb's Toxic Radiance  Pois           23%        N/A       65%         4
 Metabolic Englaciation   Hex/Ice        16%        N/A       65%         5
 Silence                  Hex/Air        16%        N/A       65%         5
 Animate Dead             Necr           21%        N/A       71%         4
 Summon Ice Beast         Ice/Summ       20%        N/A       73%         4
 Summon Lightning Spire   Summ/Air       20%        N/A       73%         4
 Alistair's Intoxication  Tmut/Pois      20%        N/A       73%         5
 Airstrike                Air            9%         2d(2-18)  77%         4
 Flame Wave               Conj/Fire      19%        2d7       77%         4
 Sticky Flame             Conj/Fire      19%        2d4       77%         4
 Irradiate                Conj/Tmut      14%        3d16      78%         5
 Agony                    Necr           21%        N/A       95%         5
 Borgnjor's Vile Clutch   Necr/Erth      10%        N/A       96%         5
 Arcjolt                  Conj/Air       9%         1d19      97%         5
 Fireball                 Conj/Fire      9%         3d6       97%         5
 Freezing Cloud           Conj/Ice/Air   9%         6-21      97%         5
 Lee's Rapid Deconstruct  Erth           9%         3d7*      97%         5
 Lightning Bolt           Conj/Air       9%         1d22      97%         5
 Eringya's Noxious Bog    Tmut/Pois      15%        N/A       99%         6
 Death Channel            Necr           10%        N/A       100%        6
 Simulacrum               Ice/Necr       10%        N/A       100%        6
 Starburst                Conj/Fire      9%         6d5       100%        6
 Statue Form              Tmut/Erth      19%        N/A       100%        6
 Summon Cactus Giant      Summ           10%        N/A       100%        6
 Dragon Form              Tmut           19%        N/A       100%        7
 Monstrous Menagerie      Summ           10%        N/A       100%        7
 Orb of Destruction       Conj           9%         9d6       100%        7
 Ozocubu's Refrigeration  Ice            9%         4d9       100%        7
 Spellforged Servitor     Conj/Summ      10%        N/A       100%        7
 Storm Form               Tmut/Air       14%        N/A       100%        7
 Summon Hydra             Summ           10%        N/A       100%        7
 Ignition                 Fire           9%         3d5       100%        8
 Lehudib's Crystal Spear  Conj/Erth      9%         10d4      100%        8
 Maxwell's Capacitive Co  Air            9%         ∞         100%        8
 Dragon's Call            Summ           10%        N/A       100%        9
 Fire Storm               Conj/Fire      9%         8d3       100%        9


Dungeon Overview and Level Annotations

Branches:
Dungeon (15/15)            Temple (1/1) D:4            Lair (5/5) D:9
  Swamp (4/4) Lair:3       Spider (4/4) Lair:3        Slime (5/5) Lair:4
    Orc (2/2) D:9             Elf (3/3) Orc:2        Vaults (5/5) D:14
  Crypt (3/3) Vaults:2       Tomb (0/3) Crypt:3      Depths (4/4) D:15
    Zot (2/5) Depths:4      Sewer (visited)           IceCv (visited)

Altars:
Ashenzari
Cheibriados
Dithmenos
Elyvilon
Hepliaklqana
Kikubaaqudgha
Makhleb
Nemelex Xobeh
Okawaru
Ru
Sif Muna
Uskayaw
Vehumet
Wu Jian
Xom
Yredelemnul
The Shining One
Jiyva
Lugonu

Shops:
D:2 :!?**   D:10 *   Orc:2 =[([   Vaults:2 :   Vaults:3 *   Vaults:5 :
Depths:3 =

Portals:
Hell: Depths:1 Depths:2 Depths:3 Depths:4
Abyss: Lair:5 Depths:1 Depths:3
Pandemonium: Depths:2
Trove: D:10 (give 9 potions of haste)

Annotations:
D:8 3 runed translucent doors, zenocrate's ghost, novice OpTm
D:12 4 transporters
D:13 1 runed translucent door, Seinwair's ghost, journeyman HOBe
D:15 1 runed translucent door, epsilonplus's ghost, adept HuHu


Innate Abilities, Weirdness & Mutations

You have razor-sharp teeth.
Your natural rate of healing is unusually fast.
When hurt, damage is shared between your health and your magic reserves.
Your bite disrupts and absorbs the magic of your enemies.
Potions cannot restore your health.
Your mind is acute. (Int +4, Str/Dex -1)
Armour fits poorly on your strangely shaped body.
Your magical capacity is low. (-10% MP)
Your muscles are strong. (Str +4, Int/Dex -1)
Your spells are a little harder to cast, but a little more powerful.


Message History

The Killer Klown is heavily wounded.
The mana viper changes into a yaktaur!
The Killer Klown's magic is no longer disrupted.
You block the apocalypse crab's attack. x2
You hit the Killer Klown. You bite the Killer Klown.
The Killer Klown's magic leaks into the air.
You drain its magic.
You feel invigorated.
The Killer Klown is heavily wounded.
The green very ugly thing trunk-slaps you!
* * * LOW HITPOINT WARNING * * *
You are lethally poisoned!
The green very ugly thing poisons you!
The brown ugly thing bites you but does no damage.
The Killer Klown closely misses you.
Your primal stingox beast stings the brown very ugly thing from afar!
The brown very ugly thing dies!
You block the apocalypse crab's attack. The apocalypse crab closely misses you.
You cannot drink potions in your current state!
Unknown command.
Okay, then.
You pummel the Killer Klown!! Your bite misses the Killer Klown.
The Killer Klown is severely wounded.
* * * LOW HITPOINT WARNING * * *
You feel extremely sick.
The green very ugly thing trunk-slaps you!
* * * LOW HITPOINT WARNING * * *
You block the brown ugly thing's attack.
Your primal stingox beast hits the Killer Klown!!
Your primal stingox beast stings the Killer Klown!
Your primal stingox beast misses the Killer Klown.
Okay, then.
You punch the Killer Klown! You bite the Killer Klown!
You kill the Killer Klown!
Your hearing returns.
* * * LOW HITPOINT WARNING * * *
You feel extremely sick.
You block the apocalypse crab's attack. x4
The green very ugly thing completely misses you.
The brown ugly thing bites you!
You die...

, ,,.... *▓▓ ,
.......▓▓▓▓▓ ...
...........▓
....*#...##.....▓ *
)...##...##.....▓ *
|(..............▓
>?(.....4.......∩▓
*∩=....ctuu.......▓
,, 4*#t@.##.....▓
*, ..##H).##.....▓
* ...............▓
* ▓▓.........▓▓▓▓▓
▓.........▓
▓▓▓▓▓▓▓▓▓▓▓


You could see a green very ugly thing, a brown ugly thing, 2 apocalypse crabs, a
yaktaur shaped shifter, a chaos spawn and a friendly primal stingox beast
(summoned).

Vanquished Creatures
  the Royal Jelly (Slime:5)
  Dissolution (Slime:5)
  A dread lich (Zig:7)
  3 ancient liches
  3 Killer Klowns (Zig:8)
  Bai Suzhen (Vaults:2)
  Saint Roka (Depths:2)
  A caustic shrike (Depths:2)
  2 curse toes
  A bone dragon (Crypt:3)
  Arachne (Spider:3)
  Jory (Depths:3)
  An electric golem (Zot:1)
  6 golden dragons
  3 hellephants (Depths:3)
  8 tentacled monstrosities
  A walking crystal tome (Depths:2)
  Rupert (D:12)
  Asterion (Vaults:2)
  5 quicksilver dragons
  5 liches
  A pandemonium lord (Zig:1)
  2 deep elf blademasters (Elf:3)
  19 acid blobs
  3 titans (Vaults:5)
  2 deep elf master archers (Elf:3)
  6 ancient champions
  Kirke (Spider:4)
  9 shadow dragons
  A tentacled starspawn (Zig:3)
  6 sphinxes
  8 tengu reavers
  A thorn hunter (Swamp:4)
  11 storm dragons
  Donald (Spider:4)
  2 draconian monks (Zot:2)
  15 fire giants
  A revenant (Crypt:3)
  7 rockslimes
  6 deep elf sorcerers
  5 draconian knights
  10 azure jellies
  11 frost giants
  2 emperor scorpions (Spider:4)
  10 vault wardens
  Louise (D:14)
  A draconian scorcher (Depths:4)
  An iron dragon (Depths:2)
  2 draconian shifters
  4 curse skulls
  4 draconian stormcallers
  2 deep elf elementalists (Elf:3)
  7 ghost moths
  2 ghouls (Crypt:3)
  7 draconian annihilators
  A war gargoyle (Vaults:2)
  A juggernaut zombie (Depths:1)
  5 orc warlords
  9 quicksilver oozes
  Aizul (Spider:4)
  16 ironbound preservers
  3 broodmothers (Spider:2)
  A caustic shrike skeleton (Crypt:3)
  A juggernaut skeleton (Crypt:1)
  18 very ugly things
  10 stone giants
  4 green draconians (Zot:2)
  10 ironbound thunderhulks
  A rockslime zombie (Crypt:1)
  8 black draconians
  7 deep elf demonologists
  9 vampire knights
  Nessos (Orc:2)
  5 purple draconians
  8 yellow draconians
  2 eleionomae
  6 deep elf annihilators (Elf:3)
  12 spark wasps
  5 white draconians
  8 bunyips
  4 red draconians
  Azrael (D:13)
  7 dire elephants
  Snorg (D:13)
  4 deep elf death magi
  16 ettins
  An ettin (shapeshifter) (Vaults:5)
  2 eidola (Crypt:3)
  9 jiangshi
  A quicksilver dragon zombie (Crypt:3)
  13 great orbs of eyes
  5 entropy weavers
  A shambling mangrove (Swamp:4)
  11 deep elf high priests
  13 yaktaur captains
  7 fire dragons
  28 vault guards
  7 ice dragons
  23 hydras
  A catoblepas (D:14)
  A jorogumo (Spider:2)
  2 rakshasas
  6 ogre magi
  3 spriggan air magi
  3 ghost crabs
  An ice dragon (shapeshifter) (Vaults:4)
  2 peacekeepers (Vaults:2)
  2 death knights (Crypt:2)
  10 ironbound frosthearts
  A catoblepas (shapeshifter) (Depths:2)
  2 spriggan skeletons (Depths:1)
  28 two-headed ogres
  16 centaur warriors
  6 boulder beetles
  16 dancing weapons
  5 alligators
  2 radroaches
  5 vampire magi
  A death scarab (Spider:4)
  4 deep troll shamans
  6 deep troll earth magi
  3 thrashing horrors (Lair:5)
  6 tengu warriors
  5 hell hogs (Depths:3)
  Urug (D:14)
  11 death yaks
  An orc high priest (Vaults:4)
  Sonja (D:10)
  12 deep elf knights
  10 hell knights
  7 pharaoh ants
  2 skysharks (Lair:4)
  2 shadow wraiths (Crypt:3)
  10 iron trolls
  4 spriggan berserkers
  A titan skeleton (Crypt:2)
  5 goliath frogs
  14 skeletal warriors
  6 spriggan druids
  Lodul (D:10)
  A death drake (Swamp:4)
  8 flayed ghosts
  36 deep trolls
  6 orb spiders
  11 deep elf archers
  An anaconda skeleton (Crypt:3)
  28 ironbound convokers
  3 steelbarb worms
  6 bog bodies
  A shadow dragon zombie (Depths:1)
  6 swamp dragons
  11 necromancers
  2 golden dragon skeletons
  24 deep elf zephyrmancers
  A steelbarb worm (shapeshifter) (Depths:2)
  11 lindwurms
  6 wizards
  8 phantasmal warriors
  34 ugly things
  9 harpies
  15 orc knights
  A sphinx skeleton (Crypt:1)
  25 deep elf pyromancers
  19 wolf spiders
  A will-o-the-wisp (Swamp:2)
  4 shining eyes
  4 manticores
  A salamander (shapeshifter) (D:15)
  A human zombie (Vaults:4)
  A manticore (shapeshifter) (Zig:7)
  4 elephants (Lair:5)
  7 orc sorcerers
  3 cyclopes
  Maurice (D:12)
  A frost giant zombie (Depths:1)
  2 guardian serpents (shapeshifter)
  3 demonic crawlers
  21 moths of wrath
  An alligator snapping turtle zombie (Crypt:1)
  A frost giant skeleton (Depths:1)
  3 black mambas
  3 eyes of devastation
  An ice statue (IceCv)
  18 vault sentinels
  A titan simulacrum (Depths:1)
  4 smoke demons
  4 torpor snails
  A rust devil (Depths:2)
  Maggie (Lair:1)
  8 cane toads
  9 komodo dragons
  2 efreet
  4 rime drakes
  A gargoyle (D:11)
  3 komodo dragons (shapeshifter)
  2 yaktaurs (shapeshifter)
  4 kobold demonologists
  A redback zombie (Crypt:1)
  A catoblepas skeleton (Crypt:2)
  A tormentor (Depths:2)
  5 freezing wraiths
  37 yaktaurs
  An ice devil (Depths:2)
  A hydra zombie (Crypt:3)
  A green draconian skeleton (Crypt:3)
  4 ancient zymes
  4 tengu conjurers
  6 tyrant leeches
  12 trolls
  9 polar bears (IceCv)
  A meliai (shapeshifter) (Zig:5)
  A spriggan zombie (Depths:1)
  20 hornets
  A merfolk (D:13)
  Grinder (D:3)
  A harpy skeleton (Crypt:3)
  18 tarantellas
  36 blink frogs
  5 dream sheep (Lair:4)
  A tarantella zombie (Crypt:2)
  A culicivora zombie (Crypt:3)
  A fire dragon zombie (Crypt:3)
  71 slime creatures
  4 flying skulls
  4 centaur simulacra (D:12)
  2 ynoxinuls
  3 air elementals
  14 jumping spiders
  A culicivora (shapeshifter) (D:14)
  5 wraiths
  20 culicivoras
  2 wyverns
  18 spriggans
  7 water elementals
  3 shadows
  16 humans (D:14)
  51 yaks
  2 fire elementals (Elf:1)
  A basilisk (shapeshifter) (Zig:5)
  10 basilisks
  A hog (shapeshifter) (Lair:5)
  A hog (Spider:4)
  A yak (shapeshifter) (Elf:1)
  57 redbacks
  A wind drake skeleton (Crypt:3)
  3 chaos spawn
  8 vampire mosquitoes (D:14)
  4 wargs
  13 small abominations (Lair:5)
  16 swamp worms
  An acid dragon (D:12)
  9 water moccasins
  2 large abominations (Lair:5)
  A naga skeleton (Crypt:3)
  A water nymph skeleton (Crypt:1)
  4 hell hounds (D:13)
  3 ice beasts
  A snapping turtle zombie (Crypt:2)
  A glowing shapeshifter skeleton (Vaults:4)
  6 swamp drakes
  Pargi (Sewer)
  2 sky beasts
  A hornet zombie (Crypt:2)
  35 orc warriors
  43 ogres
  20 wolves
  6 centaurs
  A lindwurm skeleton (Crypt:2)
  2 phantoms
  7 kobold brigands
  7 bullfrogs
  2 earth elementals
  A necrophage (Crypt:3)
  2 gnoll sergeants
  A salamander skeleton (Crypt:2)
  5 scorpions
  2 human skeletons (Vaults:4)
  4 wights (D:8)
  A wyvern skeleton (Crypt:1)
  5 killer bees (D:9)
  4 electric eels
  2 howler monkeys
  2 jellies
  2 hounds (D:4)
  2 gnoll boudas
  14 orc priests
  A centaur skeleton (Crypt:1)
  3 iguanas
  4 hell rats (Lair:5)
  18 orc wizards
  A boggart skeleton (Crypt:2)
  An ice beast zombie (Crypt:3)
  A tengu zombie (Crypt:2)
  12 gnolls
  5 adders
  2 shadow imps
  4 white imps
  An ufetubus (D:12)
  2 dart slugs
  43 orcs
  10 endoplasms
  7 giant cockroaches
  7 goblins
  4 hobgoblins
  2 jackals (D:1)
  29 kobolds
  A quokka (D:3)
  10 ball pythons
  13 bats
  3 frilled lizards
  A frilled lizard skeleton (Crypt:3)
  A jackal skeleton (Crypt:2)
  An orc zombie (Crypt:3)
  A quokka zombie (Crypt:1)
  7 rats
2055 creatures vanquished.

Vanquished Creatures (collateral kills)
  Mara (Swamp:4)
  the Lernaean hydra (Swamp:4)
  A shadow dragon (Vaults:5)
  A very ugly thing (Zig:8)
  A jorogumo (Spider:3)
  A tyrant leech (Swamp:3)
  A spriggan (Swamp:3)
7 creatures vanquished.

Vanquished Creatures (others)
  A fire giant (Depths:3)
  A deep elf knight (Elf:3)
  A necromancer (Depths:3)
  An ugly thing (Depths:4)
  A deep elf pyromancer (Elf:2)
  A bloated husk (Swamp:2)
  A water elemental (Elf:1)
  4 humans (Spider:4)
  An orc warrior (Orc:1)
  2 orcs
  25 fungi
  39 plants
78 creatures vanquished.

Grand Total: 2140 creatures vanquished

Notes
Turn   | Place    | Note
-------+----------+-------------------------------------------
     0 | D:1      | Zonian the Vine Stalker Gladiator began the quest for the
                  | Orb.
     0 | D:1      | Reached XP level 1. HP: 11/11 MP: 2/2
   132 | D:1      | Reached XP level 2. HP: 10/15 MP: 3/3
   365 | D:1      | Reached XP level 3. HP: 19/19 MP: 4/4
   741 | D:2      | Found Tilaminu's Distillery.
   753 | D:2      | Bought a potion of might for 40 gold pieces
   887 | D:2      | Found Xarrinei's Assorted Antiques.
   909 | D:2      | Bought 2 scrolls labelled VANATZ ZANEC for 38 gold pieces
   938 | D:2      | Found Avyopp's Assorted Antiques.
   951 | D:2      | Bought a scroll labelled JETRURUKYA for 15 gold pieces
  1211 | D:2      | Found Lanog's Magic Scroll Shop.
  1254 | D:2      | Found Wutaxta's Book Boutique.
  1425 | D:3      | Reached skill level 4 in Unarmed Combat
  1425 | D:3      | Gained mutation: Your natural rate of healing is unusually
                  | fast. [Vine Stalker growth]
  1425 | D:3      | Reached XP level 4. HP: 23/23 MP: 5/5
  1479 | D:3      | Noticed Grinder
  1483 | D:3      | Killed Grinder
  1484 | D:3      | Reached skill level 5 in Unarmed Combat
  1484 | D:3      | Reached XP level 5. HP: 28/29 MP: 6/6
  1484 | D:3      | Reached XP level 6. HP: 32/33 MP: 7/7
  1797 | D:3      | Found a glowing drain.
  1806 | Sewer    | Entered a sewer
  1849 | Sewer    | Noticed Pargi
  1871 | Sewer    | Killed Pargi
  1961 | D:3      | Found a snail-covered altar of Cheibriados.
  2128 | D:3      | Reached XP level 7. HP: 22/38 MP: 8/8
  2687 | D:2      | Bought a translucent pewter ring for 95 gold pieces
  2687 | D:2      | Identified the ring of Giep {rF+ rC+ Will+ Int+3 Slay+4}
                  | (You bought it in a shop on level 2 of the Dungeon)
  2772 | D:4      | Found a staircase to the Ecumenical Temple.
  2781 | Temple   | Entered the Ecumenical Temple
  2808 | Temple   | Became a worshipper of Ashenzari the Shackled
  3084 | D:4      | Reached skill level 5 in Fighting
  3084 | D:4      | Reached skill level 6 in Unarmed Combat
  3522 | D:5      | Entered Level 5 of the Dungeon
  3577 | D:5      | Gained mutation: You have razor-sharp teeth. [Vine Stalker
                  | growth]
  3577 | D:5      | Reached XP level 8. HP: 23/44 MP: 9/9
  3765 | D:5      | Reached skill level 7 in Unarmed Combat
  4511 | D:6      | Reached * piety under Ashenzari
  4540 | D:6      | Identified the +1 plate armour "Tewyfon" {Str+6}
  4585 | D:6      | Noticed a kobold demonologist
  4589 | D:6      | Killed a kobold demonologist
  4626 | D:6      | Reached skill level 8 in Unarmed Combat
  4653 | D:6      | Reached XP level 9. HP: 52/52 MP: 10/10
  4726 | D:6      | Reached skill level 9 in Unarmed Combat
  5151 | D:7      | Reached ** piety under Ashenzari
  5201 | D:7      | Noticed a boulder beetle
  5216 | D:7      | Killed a boulder beetle
  5394 | D:7      | Reached skill level 10 in Unarmed Combat
  5999 | D:8      | Reached XP level 10. HP: 60/60 MP: 11/11
  6043 | D:8      | Found a white marble altar of Elyvilon.
  6324 | D:8      | Found a runed translucent gate.
  6325 | D:8      | Found a runed translucent gate.
  6326 | D:8      | Found a runed translucent gate.
  6326 | D:8      | Noticed zenocrate's ghost (novice OpTm)
  6547 | D:8      | Paralysed by a hornet for 1 turns
  6734 | D:8      | Reached *** piety under Ashenzari
  7033 | D:9      | Reached skill level 1 in Armour
  7104 | D:9      | Reached skill level 11 in Unarmed Combat
  7200 | D:9      | Noticed a two-headed ogre
  7206 | D:9      | Killed a two-headed ogre
  7207 | D:9      | Reached skill level 10 in Fighting
  7284 | D:9      | Noticed a two-headed ogre
  7292 | D:9      | Killed a two-headed ogre
  7419 | D:9      | Found a staircase to the Lair.
  7435 | D:9      | Reached XP level 11. HP: 68/68 MP: 12/12
  7629 | D:2      | Bought a potion of experience for 500 gold pieces
  7629 | D:2      | Reached skill level 13 in Unarmed Combat
  7629 | D:2      | Reached XP level 12. HP: 76/76 MP: 13/13
  7813 | Lair:1   | Entered Level 1 of the Lair of Beasts
  7951 | Lair:1   | Noticed a death yak
  7953 | Lair:1   | Noticed a death yak
  7954 | Lair:1   | Noticed a death yak
  7963 | Lair:1   | Killed a death yak
  7977 | Lair:1   | Killed a death yak
  7978 | Lair:1   | Killed a death yak
  8197 | Lair:1   | Noticed a five-headed hydra
  8207 | Lair:1   | Killed a five-headed hydra
  8282 | Lair:1   | Reached skill level 5 in Armour
  8294 | Lair:1   | Noticed Maggie
  8301 | Lair:1   | Killed Maggie
  8398 | Lair:1   | Reached **** piety under Ashenzari
  8451 | Lair:1   | Noticed a six-headed hydra
  8457 | Lair:1   | Killed a six-headed hydra
  8458 | Lair:1   | Reached skill level 14 in Unarmed Combat
  8834 | Lair:2   | Found a hide-covered altar of Uskayaw.
  9437 | Lair:3   | Noticed an eight-headed hydra
  9598 | Lair:3   | Noticed a death yak
  9599 | Lair:3   | Noticed a death yak
  9646 | Lair:3   | Noticed a death yak
  9669 | Lair:3   | Killed a death yak
  9670 | Lair:3   | Reached XP level 13. HP: 66/84 MP: 12/14
  9970 | Lair:3   | Reached skill level 15 in Unarmed Combat
 10537 | Lair:3   | Found a hole to the Spider Nest.
 10921 | Lair:3   | Found a staircase to the Swamp.
 11355 | Lair:4   | Found a viscous altar of Jiyva.
 11356 | Lair:4   | Found a staircase to the Slime Pits.
 11674 | Lair:5   | Entered Level 5 of the Lair of Beasts
 11745 | Lair:5   | Reached skill level 16 in Unarmed Combat
 11759 | Lair:5   | Reached XP level 14. HP: 90/91 MP: 15/15
 11920 | Lair:5   | Reached skill level 5 in Dodging
 11998 | Lair:5   | Reached skill level 15 in Fighting
 12022 | Lair:5   | Found a corrupted altar of Lugonu.
 12469 | Lair:5   | Found a one-way gate to the infinite horrors of the Abyss.
 13239 | D:9      | Found a staircase to the Orcish Mines.
 13376 | D:10     | Entered Level 10 of the Dungeon
 13398 | D:10     | Found a burning altar of Makhleb.
 13478 | D:10     | Found Kash's Assorted Antiques.
 13491 | D:10     | Bought a scroll of teleportation for 96 gold pieces
 13674 | D:2      | Bought 2 potions of invisibility for 240 gold pieces
 13963 | D:10     | Noticed Sonja
 13977 | D:10     | Killed Sonja
 13993 | D:10     | Noticed Lodul
 14021 | D:10     | Killed Lodul
 14083 | D:10     | Found a portal to a secret trove of treasure.
 14173 | D:10     | Found a shadowy altar of Dithmenos.
 14315 | D:11     | Reached ***** piety under Ashenzari
 15285 | D:12     | Found a transporter.
 15297 | D:12     | Found a transporter.
 15334 | D:12     | Found a frozen archway.
 15338 | D:12     | Noticed Maurice
 15342 | D:12     | Killed Maurice
 15435 | IceCv    | Entered an ice cave
 15463 | IceCv    | Reached skill level 17 in Unarmed Combat
 16190 | IceCv    | Reached skill level 1 in Stealth
 16312 | IceCv    | Reached XP level 15. HP: 83/100 MP: 15/17
 16399 | IceCv    | Identified the +2 chain mail "Pyadaff" {rElec rF- Str+5}
 16401 | IceCv    | Identified the +1 plate armour of Bussetti {Drain rC++}
 16894 | D:12     | Reached skill level 5 in Stealth
 17002 | D:12     | Noticed Rupert
 17018 | D:12     | Killed Rupert
 17033 | D:12     | Found a transporter.
 17035 | D:12     | Found a transporter.
 17481 | D:13     | Noticed Azrael
 17502 | D:13     | Killed Azrael
 17561 | D:13     | Reached skill level 1 in Shields
 17587 | D:13     | Noticed Snorg
 17595 | D:13     | Killed Snorg
 17804 | D:13     | Found a runed translucent door.
 17804 | D:13     | Found a shimmering altar of Xom.
 17804 | D:13     | Noticed Seinwair's ghost (journeyman HOBe)
 18630 | D:14     | Found a gate to the Vaults.
 18637 | D:14     | Reached skill level 18 in Unarmed Combat
 18651 | D:14     | Noticed Urug
 18678 | D:14     | Killed Urug
 19183 | D:14     | Noticed Louise
 19198 | D:14     | Killed Louise
 19329 | D:15     | Entered Level 15 of the Dungeon
 19331 | D:15     | Found a shadowy altar of Dithmenos.
 19341 | D:15     | Reached XP level 16. HP: 107/107 MP: 18/18
 19592 | D:15     | Found a runed translucent door.
 19592 | D:15     | Noticed epsilonplus's ghost (adept HuHu)
 19592 | D:15     | Identified Teefruyst's Parchment of the Rank Syncline
 19897 | D:15     | Found a staircase to the Depths.
 20186 | Orc:1    | Entered Level 1 of the Orcish Mines
 20522 | Orc:2    | Entered Level 2 of the Orcish Mines
 20741 | Orc:2    | Found Peno's Antique Armour Boutique.
 20741 | Orc:2    | Found Anatosi's Armour Shoppe.
 20742 | Orc:2    | Found Bosiur's Weapon Shoppe.
 20742 | Orc:2    | Found Wekau's Jewellery Shop.
 20748 | Orc:2    | Reached skill level 1 in Spellcasting
 20814 | Orc:2    | Bought the +0 scale mail of Xonit {rPois rC+ Int+3 Slay+2}
                  | for 442 gold pieces
 20814 | Orc:2    | Bought a +2 cloak of stealth for 258 gold pieces
 20828 | Orc:2    | Found a staircase to the Elven Halls.
 20864 | Orc:2    | Bought a masterwork plate armour for 756 gold pieces
 20864 | Orc:2    | Identified the +10 plate armour of Knowledge {rF- rC++
                  | Int+3 SInv} (You bought it in a shop on level 2 of the
                  | Orcish Mines)
 20929 | Orc:2    | Noticed Nessos
 20936 | Orc:2    | Killed Nessos
 21573 | Spider:1 | Entered Level 1 of the Spider Nest
 22592 | Spider:1 | Reached XP level 17. HP: 101/110 MP: 26/31
 22599 | Spider:1 | Reached skill level 5 in Spellcasting
 23717 | Spider:2 | Identified Igybig's Papyrus of Activism
 24735 | Spider:3 | Noticed Arachne
 24965 | Spider:3 | Killed Arachne
 25422 | Spider:4 | Entered Level 4 of the Spider Nest
 25442 | Spider:3 | Reached skill level 1 in Evocations
 25998 | D:2      | Bought a glowing scarf for 152 gold pieces
 26222 | Orc:2    | Bought a scarf of shadows for 144 gold pieces
 26819 | Spider:4 | Noticed Kirke
 26853 | Spider:4 | Noticed Donald
 26890 | Spider:4 | Noticed Aizul
 26903 | Spider:4 | Killed Aizul
 27062 | Spider:4 | Killed Donald
 27098 | Spider:4 | Identified the +0 ring mail "Saunk" {Slay+3}
 27154 | Spider:4 | Killed Kirke
 27155 | Spider:4 | Reached skill level 5 in Evocations
 27757 | Spider:4 | Reached XP level 18. HP: 78/114 MP: 18/34
 27857 | Spider:4 | Identified the +1 pair of gloves of Arcadian Life {Regen+
                  | SInv}
 28834 | Spider:4 | Got a gossamer rune of Zot
 29116 | Swamp:1  | Entered Level 1 of the Swamp
 29478 | Swamp:1  | Reached skill level 5 in Shields
 30306 | D:2      | Bought a scroll of enchant armour for 82 gold pieces
 32213 | Swamp:4  | Entered Level 4 of the Swamp
 32771 | Swamp:4  | Reached skill level 5 in Throwing
 33016 | Swamp:4  | Noticed the 27-headed Lernaean hydra
 33185 | Swamp:4  | Killed the 27-headed Lernaean hydra
 33186 | Swamp:4  | Reached XP level 19. HP: 120/120 MP: 36/36
 33192 | Swamp:4  | Noticed Mara
 33202 | Swamp:4  | Noticed Zonian's illusion
 33213 | Swamp:4  | Killed Mara
 33662 | Swamp:4  | Got a decaying rune of Zot
 33959 | Elf:1    | Entered Level 1 of the Elven Halls
 34061 | Elf:1    | Paralysed by an air elemental for 1 turns
 35330 | Elf:2    | Found a runed translucent gate.
 35330 | Elf:2    | Found a runed translucent gate.
 35331 | Elf:2    | Found a runed translucent gate.
 35402 | Elf:3    | Entered Level 3 of the Elven Halls
 35755 | Elf:3    | Reached skill level 10 in Throwing
 36015 | Elf:3    | Paralysed by an air elemental for 1 turns
 36457 | Elf:3    | Identified the ring "Zouwafih" {rC+ Will+}
 36459 | Elf:3    | Noticed a Tzitzimitl
 36468 | Elf:3    | Reached skill level 10 in Shields
 36645 | Elf:3    | Identified the +10 great mace of Gaoloir {vamp, rF+}
 36783 | Elf:3    | Identified the +8 quarterstaff of Tenacity {venom, +Blink
                  | Str+2 Int-5}
 36813 | Elf:3    | Reached XP level 20. HP: 124/128 MP: 36/38
 36934 | Elf:3    | Identified the +0 pair of boots "Saduoc" {+Blink rN+ Will+
                  | Str-2}
 37002 | Elf:3    | Identified the Textbook on Hyperthermia
 37969 | Vaults:1 | Entered Level 1 of the Vaults
 38404 | Vaults:1 | Reached skill level 10 in Stealth
 39804 | Vaults:2 | Found a staircase to the Crypt.
 39808 | Vaults:2 | Reached skill level 15 in Stealth
 39880 | Vaults:2 | Found Zeosuts's Book Emporium.
 39885 | Vaults:2 | Bought a manual of Armour for 1520 gold pieces
 40011 | Vaults:2 | Noticed Asterion
 40026 | Vaults:2 | Killed Asterion
 40027 | Vaults:2 | Reached XP level 21. HP: 99/133 MP: 41/41
 40076 | Vaults:2 | Noticed Bai Suzhen
 40092 | Vaults:2 | Killed Bai Suzhen
 40168 | Vaults:2 | Reached skill level 10 in Armour
 40362 | Vaults:2 | Identified the ring "Vasmakow" {rElec rN+ Will- MP+9}
 42140 | Vaults:3 | Found Zoetho's General Store.
 42147 | Vaults:3 | Bought a potion of might for 80 gold pieces
 42147 | Vaults:3 | Bought a scroll of fog for 80 gold pieces
 42384 | Vaults:4 | Reached skill level 15 in Armour
 42650 | Vaults:4 | Identified the +3 falchion of Ehuenacrush {drain, Fly}
 43027 | Vaults:4 | Reached XP level 22. HP: 138/138 MP: 42/42
 43592 | Vaults:4 | Upgraded the game from 0.30-a0-879-ga8ba668304 to
                  | 0.30-a0-881-g1ff12e1e11
 43657 | Vaults:5 | Entered Level 5 of the Vaults
 43681 | Vaults:4 | Reached skill level 10 in Spellcasting
 45069 | Vaults:5 | Noticed a golden dragon
 45078 | Vaults:5 | Killed a golden dragon
 45292 | Vaults:5 | Identified the +7 morningstar of Income {drain, Str+6}
 45329 | Vaults:5 | Noticed an ancient lich
 45341 | Vaults:5 | Killed an ancient lich
 45344 | Vaults:5 | Noticed an ancient lich
 45357 | Vaults:5 | Killed an ancient lich
 45378 | Vaults:5 | Identified the +1 leather armour of Ces Edd {Contam Harm
                  | rF- SInv}
 45526 | Vaults:5 | Identified the +11 sling "Dysana" {flame, Fly Str+3 Int-5}
 45529 | Vaults:5 | Identified the +1 war axe "Qaxetawk" {flame, rC+ Int+2}
 45588 | Vaults:5 | Identified the +5 plate armour of Eprulaq {Contam Str+2
                  | Int+4}
 45641 | Vaults:5 | Identified the ring of Xeippixu {Ice Contam Fly Will+
                  | rCorr}
 45646 | Vaults:5 | Got a silver rune of Zot
 45786 | Vaults:5 | Identified a scroll of acquirement
 45797 | Vaults:5 | Acquired a manual of Ranged Weapons
 45847 | Vaults:5 | Identified Sif Muna's Catalogue of the Amorphous Brume
 45899 | Vaults:5 | Reached skill level 15 in Throwing
 45923 | Vaults:5 | Noticed a golden dragon
 45931 | Vaults:5 | Killed a golden dragon
 45937 | Vaults:5 | Reached skill level 10 in Dodging
 45940 | Vaults:5 | Reached XP level 23. HP: 132/143 MP: 46/46
 46201 | Vaults:5 | Identified the Treatise on Arcane Weapons
 46335 | Vaults:5 | Identified the ring of Vuhauw {Ice Will- rCorr Str+3 SInv}
 46567 | Vaults:5 | Found Ories's Book Shoppe.
 46988 | Orc:2    | Bought a glowing cloak for 202 gold pieces
 46988 | Orc:2    | Upgraded the game from 0.30-a0-881-g1ff12e1e11 to
                  | 0.30-a0-883-g5ad918d77d
 47184 | Depths:1 | Entered Level 1 of the Depths
 47188 | Depths:1 | Learned a level 2 spell: Blink
 47232 | D:15     | Reached skill level 1 in Translocations
 47799 | Depths:1 | Found a gateway to Hell.
 48049 | Depths:1 | Reached skill level 5 in Translocations
 48271 | Depths:1 | Found a one-way gateway to a ziggurat.
 48533 | Depths:2 | Identified the +2 chain mail of the Quahog {Rampage Regen+
                  | Stlth-}
 48990 | Depths:2 | Found a one-way gate leading to the halls of Pandemonium.
 49038 | Depths:2 | Noticed Saint Roka
 49063 | Depths:2 | Killed Saint Roka
 49247 | Depths:2 | Identified the ring of Rouz {rCorr Dex+2}
 49385 | Depths:2 | Identified the ring of Cyat {Fire Str+3 Dex+2}
 49405 | Depths:2 | Reached skill level 10 in Evocations
 49721 | Depths:2 | Identified the ring "Ijunaala" {rPois rF+ Will+ Int-2}
 49723 | Depths:2 | Identified the ring of Okawaru's Hope {*Slow rElec MP+9
                  | Str+2 Dex+2}
 49768 | Depths:2 | Noticed a caustic shrike
 49779 | Depths:2 | Killed a caustic shrike
 50189 | Depths:3 | Noticed Jory
 50206 | Depths:3 | Killed Jory
 50243 | Depths:3 | Learned a level 3 spell: Portal Projectile
 50256 | Depths:3 | Reached XP level 24. HP: 149/149 MP: 45/46
 50268 | Depths:3 | Reached skill level 1 in Hexes
 50715 | Depths:3 | Found Noithus's Jewellery Shoppe.
 50717 | Depths:3 | Found Atesanko's Jewellery Shoppe.
 50717 | Depths:3 | Found Xubafoz's Book Boutique.
 51586 | Depths:4 | Entered Level 4 of the Depths
 52012 | Depths:4 | Identified the +3 ring mail "Qell" {Rampage Str+4 Dex-4
                  | SInv}
 52561 | Depths:4 | Identified the amulet "Uttugami" {Spirit Dex+3}
 52654 | Depths:4 | Identified the +1 ring mail of Surprise {Int+5}
 52733 | Depths:4 | Found a gate to the Realm of Zot.
 52981 | Depths:4 | Found a glowing golden altar of the Shining One.
 54103 | Crypt:1  | Entered Level 1 of the Crypt
 55872 | Crypt:2  | Identified the ring "Hacziwir" {Fly Will- rCorr Int+7
                  | Dex+2}
 55887 | Crypt:2  | Reached XP level 25. HP: 156/156 MP: 46/46
 56045 | Crypt:2  | Found a basalt altar of Yredelemnul.
 56351 | Crypt:3  | Entered Level 3 of the Crypt
 56661 | Crypt:3  | Noticed an ancient lich
 56675 | Crypt:3  | Killed an ancient lich
 57031 | Crypt:2  | Found a basalt altar of Yredelemnul.
 57076 | Crypt:3  | Found a staircase to the Tomb.
 57119 | Crypt:3  | Identified the +6 falchion "Ogrebane" {heavy, rElec Int+7
                  | Dex+3 Stlth-}
 57121 | Crypt:3  | Identified Kotsi's Book of the Graveyard
 57121 | Crypt:3  | Identified the +1 pair of gloves "Udgha" {Dex+3}
 57121 | Crypt:3  | Found the +12 pair of quick blades "Gyre" and "Gimble"
                  | {protect}
 57177 | Crypt:3  | Noticed an ancient lich
 57181 | Crypt:3  | Noticed an ancient lich
 57181 | Crypt:3  | Noticed a dread lich
 57202 | Crypt:2  | Upgraded the game from 0.30-a0-883-g5ad918d77d to
                  | 0.30-a0-900-g23479c02f2
 57522 | Slime:1  | Entered Level 1 of the Pits of Slime
 57623 | Slime:5  | Entered Level 5 of the Pits of Slime
 57783 | Slime:5  | Reached skill level 5 in Hexes
 57789 | Slime:5  | Noticed Dissolution
 57927 | Slime:5  | Noticed the Royal Jelly
 58302 | Slime:5  | Gained mutation: Your magical capacity is low. (-10% MP) [a
                  | shining eye]
 58304 | Slime:5  | Gained mutation: Your spells are a little easier to cast,
                  | but a little less powerful. [a shining eye]
 58313 | Slime:5  | Gained mutation: You are vulnerable to cold. (rC-) [a
                  | shining eye]
 58373 | Slime:5  | Paralysed by a floating eye for 2 turns
 58378 | Slime:5  | Killed Dissolution
 58460 | Slime:5  | Killed the Royal Jelly
 58519 | Slime:5  | Identified the +1 sling "Enniomait" {speed, Fragile rC+
                  | Str+2 Dex+4}
 58524 | Slime:5  | Identified Gaheb's Spellbook of the Frore Adder
 58525 | Slime:5  | Identified the +1 arbalest "Worm's Wrath" {freeze, Int+3}
 58534 | Slime:5  | Identified the +10 great mace of Wahiclome {heavy, rPois
                  | rC++}
 58619 | Slime:5  | Got a slimy rune of Zot
 59000 | Slime:1  | Gained mutation: You are clumsy. (Dex -2) [a shining eye]
 59004 | Slime:1  | Gained mutation: Armour fits poorly on your strangely
                  | shaped body. [a shining eye]
 59013 | Slime:1  | Gained mutation: You are frail. (-10% HP) [a shining eye]
 59044 | Slime:2  | Gained mutation: You are very frail. (-20% HP) [a shining
                  | eye]
 59046 | Slime:2  | Gained mutation: You occasionally shout uncontrollably at
                  | your foes. [a shining eye]
 59051 | Slime:2  | Gained mutation: You are vulnerable to heat. (rF-) [a
                  | shining eye]
 59140 | Lair:5   | Lost mutation: You occasionally shout uncontrollably at
                  | your foes. [potion of mutation]
 59140 | Lair:5   | Lost mutation: You are vulnerable to cold. (rC-) [potion of
                  | mutation]
 59140 | Lair:5   | Lost mutation: Your magical capacity is low. (-10% MP)
                  | [potion of mutation]
 59140 | Lair:5   | Gained mutation: Your magical capacity is low. (-10% MP)
                  | [potion of mutation]
 59140 | Lair:5   | Gained mutation: You have sharp toenails. [potion of
                  | mutation]
 59141 | Lair:5   | Lost mutation: You are very frail. (-20% HP) [potion of
                  | mutation]
 59141 | Lair:5   | Lost mutation: You have sharp toenails. [potion of
                  | mutation]
 59141 | Lair:5   | Lost mutation: You are clumsy. (Dex -2) [potion of
                  | mutation]
 59141 | Lair:5   | Lost mutation: You are frail. (-10% HP) [potion of
                  | mutation]
 59142 | Lair:5   | Lost mutation: Your spells are a little easier to cast, but
                  | a little less powerful. [potion of mutation]
 59142 | Lair:5   | Lost mutation: Your magical capacity is low. (-10% MP)
                  | [potion of mutation]
 59142 | Lair:5   | Gained mutation: Your spells are a little harder to cast,
                  | but a little more powerful. [potion of mutation]
 59142 | Lair:5   | Gained mutation: Your muscles are strong. (Str +4, Int/Dex
                  | -1) [potion of mutation]
 59142 | Lair:5   | Gained mutation: You sometimes lose your temper in combat.
                  | [potion of mutation]
 59142 | Lair:5   | Gained mutation: You are partially covered in iridescent
                  | scales. (AC +2) [potion of mutation]
 59269 | Swamp:2  | Lost mutation: You sometimes lose your temper in combat.
                  | [potion of mutation]
 59269 | Swamp:2  | Lost mutation: You are vulnerable to heat. (rF-) [potion of
                  | mutation]
 59269 | Swamp:2  | Lost mutation: You are partially covered in iridescent
                  | scales. (AC +2) [potion of mutation]
 59269 | Swamp:2  | Gained mutation: Your mind is acute. (Int +4, Str/Dex -1)
                  | [potion of mutation]
 59269 | Swamp:2  | Gained mutation: Your magical capacity is low. (-10% MP)
                  | [potion of mutation]
 59849 | Zot:1    | Entered Level 1 of the Realm of Zot
 60416 | Zot:1    | Reached skill level 15 in Dodging
 60874 | Zot:1    | Reached XP level 26. HP: 155/158 MP: 41/42
 60964 | Zot:2    | Identified the +4 arbalest of the Winnowing Viper {drain,
                  | Contam Will+ SInv}
 62384 | Zig:1    | Entered Level 1 of a ziggurat
 62384 | Zig:1    | Noticed Uciomn the pandemonium lord
 62393 | Zig:1    | Killed Uciomn the pandemonium lord
 62417 | Zig:2    | Entered Level 2 of a ziggurat
 62458 | Zig:3    | Entered Level 3 of a ziggurat
 62707 | Zig:4    | Entered Level 4 of a ziggurat
 62740 | Zig:5    | Entered Level 5 of a ziggurat
 62745 | Zig:5    | Found the +2 Maxwell's thermic engine {flame, freeze, rev}
 62798 | Zig:6    | Entered Level 6 of a ziggurat
 62885 | Zig:7    | Entered Level 7 of a ziggurat
 62891 | Zig:7    | Identified the +12 short sword of Pride {drain, Dex+3 SInv}
 62892 | Zig:7    | Noticed a dread lich
 62912 | Zig:7    | Killed a dread lich
 63140 | Zig:7    | Learned a level 2 spell: Wereblood
 63149 | Zig:8    | Entered Level 8 of a ziggurat
 63159 | Zig:8    | Noticed a Killer Klown
 63159 | Zig:8    | Noticed a Killer Klown
 63161 | Zig:8    | Noticed a Killer Klown
 63164 | Zig:8    | Identified the +5 glaive of the Sun {speed, rPois Dex+3}
 63167 | Zig:8    | Killed a Killer Klown
 63174 | Zig:8    | Killed a Killer Klown
 63175 | Zig:8    | Reached skill level 1 in Transmutations
 63180 | Zig:8    | HP: 7/163 [green very ugly thing (9)]
 63181 | Zig:8    | Killed a Killer Klown
 63181 | Zig:8    | HP: 1/163 [poisoned by a green very ugly thing]
 63181 | Zig:8    | Slain by a brown ugly thing

Illustrated notes

Levels and vault maps discovered:
D:1:      elethiomel_arrival_quiet, layout_basic, minmay_circled_x
D:2:      layout_loops_ring, serial_shops, shop, shop_coins, shop,
          nicolae_shop_competitors_out_of_business, nicolae_shop_behind_doors
D:3:      layout_basic, lemuel_coloured_pillars_altar, portal_sewer_entry_d,
          minmay_divided_ellipse, uniq_grinder
D:4:      layout_loops_cross, minmay_temple_entry_antechambers
D:5:      layout_loops_ring, supply_closet_lemuel, minmay_misc_feat_doors
D:6:      layout_cave_pools, minmay_joined_circles
D:7:      layout_gridville
D:8:      layout_loops_ring, elyvilon_altar_1, gammafunk_ghost_nasty_kobolds,
          minmay_misc_feat_alley, grunt_decor_cap
D:9:      layout_loops_ring, david_lair_shrubbed, orc_0_dummy
D:10:     layout_basic, kennysheep_mini_moat,
          mainiacjoe_overflow_surrounded_room, serial_shops, shop,
          enter_trove_0, uniq_sonja, uniq_lodul
D:11:     layout_grid_maze
D:12:     layout_loops_cross, serial_ice, serial_ice_i, serial_ice_b,
          serial_ice_d, serial_ice_c, portal_ice_cave_rime, minivault_20,
          nicolae_transporter_circle, uniq_maurice, uniq_rupert
D:13:     layout_roguey, ebering_ghost_xom, hangedman_fish_farm, uniq_snorg,
          uniq_azrael
D:14:     layout_stronghold, david_vaults_3, minmay_bent, uniq_louise
D:15:     gammafunk_enter_depths_forms, layout_cave_pools,
          nicolae_dithmenos_the_darkroom, gammafunk_ghost_grave,
          item_on_display_a
Temple:   eino_narrow_crystal_temple
Lair:1:   layout_loops_ring, minmay_shattered_shrine, serial_bayou_shore_b,
          grunt_megastairs_5, uniq_maggie
Lair:2:   layout_misc_corridors, basic_altar, infiniplex_staircase_pool_2
Lair:3:   layout_misc_corridors, palyth_hydra_swamp_entry,
          spider_nest_entry_webs, serial_bayou_lagoon_b, grunt_megastairs_2,
          serial_bayou_shore_b
Lair:4:   layout_roguey, slime_entry_1, grunt_megastairs_3
Lair:5:   hellmonk_lair_end_abyssal_woods, layout_misc_corridors, serial_rivers,
          chequers_serial_rivers_micro_e, chequers_serial_rivers_room_a,
          chequers_serial_rivers_micro_a, chequers_serial_rivers_small_b,
          chequers_serial_rivers_small_3, chequers_serial_rivers_marsh
Swamp:1:  layout_falls_marsh, nicolae_swamp_feature_on_the_river_bank
Swamp:2:  layout_falls_marsh, evilmike_swamp_ruin_house_5
Swamp:3:  layout_basic_swamp, evilmike_swamp_ruin_house_2
Swamp:4:  swamp_old_school, layout_basic_swamp, uniq_mara
Spider:1: layout_spider_delve, drop_trap, hangedman_spider_tarantella_strand
Spider:2: nicolae_spider_brood_tunnel, drop_trap
Spider:3: layout_spider_delve, drop_trap, guppyfry_spider_mini_1, uniq_arachne
Spider:4: spider_rune_water, spiders_nest_spider_trap, uniq_kirke, uniq_donald,
          uniq_aizul
Slime:1:  layout_caves
Slime:2:  layout_caves
Slime:3:  layout_caves, cheibrodos_slime_lost_civilization_4
Slime:4:  nicolae_slime_pool, layout_caves
Slime:5:  uniq_dissolution
Orc:1:    layout_caves
Orc:2:    st_orc_ogre_mass, layout_caves, uniq_urug, uniq_nessos
Elf:1:    layout_onion_city, minivault_28
Elf:2:    elven_hall_of_blades_hangedman_original
          [nicolae_blade_entry_crossed_weapons], layout_geoelf_octagon
Elf:3:    elf_hall, layout_geoelf_castle, lemuel_flamethrower_3
Vaults:1: nicolae_vaults_specimen_jars, hangedman_vaults_restitches,
          nicolae_vaults_theta, nicolae_vaults_network_quinsquares
          [nicolae_vaults_network_quincunx_subvault,
          nicolae_vaults_network_quincunx_subvault,
          nicolae_vaults_network_quincunx_subvault,
          nicolae_vaults_network_quincunx_subvault], hangedman_vaults_slither,
          v_rooms_5, vaults_dpeg_hooks, nicolae_vaults_branching_niches,
          hangedman_vaults_unwind, hangedman_vaults_slice,
          ontoclasm_vaults_gateway, nicolae_vaults_asterisk,
          layout_vaults_omnibox
Vaults:2: vaults_mumra_hex, nicolae_vaults_quadrants, ontoclasm_vaults_fault,
          nicolae_vaults_ninety_degrees, nicolae_vaults_circle_grid_b,
          minmay_crypt_entry_nasty_monster, nicolae_vaults_asterisk,
          hangedman_vaults_stitches, layout_vaults_ring, serial_shops,
          nicolae_shop_trees, uniq_asterion, uniq_bai_suzhen
Vaults:3: nicolae_vaults_twisting_passages, hangedman_vaults_stream,
          vaults_room_large_hall, nicolae_vaults_big_ls, v_pattern_3,
          layout_vaults_quadrants, serial_shops, shop
Vaults:4: special_room_vaults [special_room_orc], v_misc_5, v_misc_9, v_misc_3,
          hangedman_vaults_restitches, nicolae_vaults_triangles, v_misc_19,
          nicolae_vaults_shelves_hall, layout_vaults_chaotic_city
Vaults:5: serial_shops
Crypt:1:  layout_gridlike
Crypt:2:  layout_chaotic_city, basic_altar, chequers_big_river,
          lemuel_upstairs_altar
Crypt:3:  david_glass_crypt, layout_rooms
Depths:1: layout_long_grid, enter_ziggurat_f, grunt_hell_entry_dis_old,
          abyss_entry_small_statue_room, kennysheep_generic_room_3,
          nicolae_triple_integral
Depths:2: minmay_the_grid_triangle_9x9_rhombus_full_mashed
          [minmay_the_grid_triangle_9x9_thin_v,
          minmay_the_grid_triangle_9x9_sparse_checkered,
          minmay_the_grid_triangle_9x9_steps,
          minmay_the_grid_triangle_9x9_windchime,
          minmay_the_grid_triangle_9x9_odd_lines,
          minmay_the_grid_triangle_9x9_stretched_checkered,
          minmay_the_grid_triangle_9x9_minimal,
          minmay_the_grid_triangle_9x9_prize_special], layout_basic,
          nicolae_twisting_strands, rand_demon_pan_entry_7,
          pf_vacation_house_of_asmodeus, uniq_saint_roka
Depths:3: grunt_house_of_mirrors, layout_long_grid, abyss_entry,
          grunt_hell_horde, minmay_staircase_statues, minmay_shop_grove,
          serial_bayou_shore_a, uniq_jory
Depths:4: evilmike_zot_entry_diamond, layout_basic,
          nicolae_tso_swordbearing_angel, hangedman_coc_ice_floe,
          serial_bayou_shore_b
Zot:1:    layout_gridlike
Zot:2:    layout_basic
Zig:8:    ziggurat_pillar_abc, ziggurat_pillar_abc, ziggurat_pillar_abc,
          ziggurat_pillar_abc

Skill      XL: |  1  2  3  4  5  6  7  8  9 10 11 12 13 14 15 16 17 18 19 20 21 22 23 24 25 26 |
---------------+-------------------------------------------------------------------------------+-----
Fighting       | 2 4 5 7 9 10 11 13 14 15 16 17 | 17.4
Unarmed Combat | 4 5 6 8 10 11 13 14 16 17 18 | 18.3
Armour         | 3 5 8 9 15 | 15.6
Dodging        | 4 6 7 9 10 12 15 17 | 17.1
Stealth        | 2 8 15 | 15.8
Shields        | 3 4 8 10 11 13 | 13.3
Spellcasting   | 4 7 8 9 11 | 11.6
Evocations     | 6 9 11 14 | 14.6
Throwing       | 6 11 12 15 16 | 16.0
Translocations | 8 9 |  9.6
Hexes          | 4 6 |  6.6
Transmutations | 1 |  1.4

Action                     |  1- 3 |  4- 6 |  7- 9 | 10-12 | 13-15 | 16-18 | 19-21 | 22-24 | 25-27 || total
---------------------------+-------+-------+-------+-------+-------+-------+-------+-------+-------++-------
  Melee: Unarmed           |   133 |    89 |   196 |   289 |   799 |  1066 |  1126 |  1350 |   742 ||  5790
         Bite              |    26 |    25 |    64 |   102 |   309 |   466 |   536 |   750 |   439 ||  2717
         Punch             |       |     1 |       |       |       |       |       |       |       ||     1
  Throw: Throwing net      |       |     2 |     1 |     1 |     2 |       |       |     1 |       ||     7
         Dart              |       |       |     9 |    17 |    16 |    43 |       |     1 |       ||    86
         Javelin           |       |       |     1 |     2 |     7 |       |       |     4 |    16 ||    30
         Boomerang         |       |       |       |       |       |   132 |    55 |   177 |   191 ||   555
   Cast: Blink             |       |       |       |       |       |       |       |       |     1 ||     1
 Invoke: Curse Item        |       |       |     3 |     4 |     1 |     3 |     3 |     1 |     1 ||    16
         Shatter the Chain |       |       |       |       |       |     4 |     1 |     2 |       ||     7
  Evoke: Wand              |       |       |       |       |     4 |    30 |     9 |     2 |     5 ||    50
         Phantom mirror    |       |       |       |       |     1 |     5 |       |     1 |       ||     7
         Box of beasts     |       |       |       |       |       |     3 |     1 |     2 |     1 ||     7
         Lightning rod     |       |       |       |       |       |       |     4 |     4 |       ||     8
         Phial of floods   |       |       |       |       |       |       |     1 |       |       ||     1
         Condenser vane    |       |       |       |       |       |       |       |     4 |     4 ||     8
         Tin of tremorston |       |       |       |       |       |       |       |     2 |     4 ||     6
    Use: Scroll            |     4 |       |     3 |     1 |     1 |    13 |     7 |     7 |     4 ||    40
         Potion            |       |     1 |       |     1 |     4 |     2 |     1 |     3 |     9 ||    21
   Stab: Sleeping          |     1 |     1 |     2 |       |       |    17 |    29 |    16 |     9 ||    75
         Held in net/web   |       |     4 |       |       |     1 |       |       |       |       ||     5
         Distracted        |       |       |       |       |     1 |     4 |     7 |    12 |     5 ||    29
         Invisible         |       |       |       |       |     2 |       |       |       |       ||     2
 Armour: Leather armour    |    57 |    35 |    30 |       |       |       |       |       |       ||   122
         Plate armour      |       |       |    26 |       |   259 |    43 |       |       |       ||   328
         Scale mail        |       |       |       |    68 |    34 |   265 |   170 |   229 |   132 ||   898
  Dodge: Dodged            |    87 |    78 |    52 |   114 |   331 |   739 |   342 |   493 |   299 ||  2535
  Block: Buckler           |       |       |    19 |    46 |   198 |   384 |       |       |       ||   647
         Kite shield       |       |       |       |       |       |   123 |   693 |  1002 |   529 ||  2347
         Reflection        |       |       |       |       |       |     2 |    67 |    32 |    16 ||   117

Table legend: (Time is in decaauts)
 A = Elapsed time spent in this place.
 B = Non-inter-level travel time spent in this place.
 C = Inter-level travel time spent in this place.
 D = Time resting spent in this place.
 E = Time spent auto-exploring this place.
 F = Levels seen in this place.
 G = Mean time per level.
                   A        B        C        D        E       F      G
               +--------+--------+--------+--------+--------+-----+--------+
         Total |  62041 |  54619 |   7422 |  11982 |  25383 |  63 |  984.8 |
       Dungeon |  15589 |  12096 |   3493 |   1155 |   8158 |  15 | 1039.3 |
        Temple |     42 |     27 |     15 |      0 |     18 |   1 |   42.0 |
          Lair |   6534 |   5538 |    996 |   1350 |   2849 |   5 | 1306.8 |
         Swamp |   4650 |   4306 |    344 |   1291 |   1947 |   4 | 1162.5 |
   Spider Nest |   6349 |   5962 |    387 |   2892 |   1238 |   4 | 1587.2 |
    Slime Pits |   1486 |   1470 |     16 |    542 |      0 |   5 |  297.2 |
  Orcish Mines |   1628 |   1220 |    408 |     11 |    796 |   2 |  814.0 |
   Elven Halls |   4068 |   3503 |    565 |    415 |   1639 |   3 | 1356.0 |
        Vaults |   8641 |   8041 |    600 |   1261 |   3846 |   5 | 1728.2 |
         Crypt |   3054 |   2915 |    139 |    688 |   1204 |   3 | 1018.0 |
        Depths |   5867 |   5486 |    381 |    914 |   2696 |   4 | 1466.8 |
           Zot |   2295 |   2222 |     73 |    541 |    912 |   2 | 1147.5 |
      Ziggurat |    756 |    756 |      0 |    378 |      0 |   8 |   94.5 |
         Sewer |    111 |    111 |      0 |      0 |     16 |   1 |  111.0 |
      Ice Cave |    964 |    964 |      0 |    541 |     61 |   1 |  964.0 |
               +--------+--------+--------+--------+--------+-----+--------+

Top non-repeatable levels by time:
Vaults:4: 2539 daAuts
   Elf:3: 2274 daAuts
  Lair:3: 2228 daAuts
Spider:4: 2042 daAuts
Depths:3: 1743 daAuts
Spider:2: 1721 daAuts
Vaults:5: 1681 daAuts
Vaults:1: 1528 daAuts
Depths:1: 1483 daAuts
Vaults:3: 1462 daAuts
Vaults:2: 1428 daAuts
 Crypt:2: 1398 daAuts
     D:3: 1386 daAuts
Depths:2: 1372 daAuts
  Lair:5: 1371 daAuts
